 Dungeon Sprint DCSS version 0.27-a0-1193-g8631133539 (webtiles) character file.

Game seed: 14405676877788966494

64 rocky1 the Shield-Bearer (level 4, -7/39 HPs)
             Began as a Formicid Fighter on May 26, 2021.
             Was an Initiate of Qazlal.
             Mangled by a red ugly thing (22 damage)
             ... in the Dungeon (Sprint V: "Ziggurat Sprint").
             The game lasted 00:02:20 (284 turns).

rocky1 the Shield-Bearer (Formicid Fighter)          Turns: 284, Time: 00:02:20

Health: -7/39      AC: 27    Str: 27    XL:     4   Next: 32%
Magic:  6/6        EV:  8    Int:  8    God:    Qazlal [......]
Gold:   0          SH: 14    Dex: 16    Spells: 3/3 levels left

rFire    . . .     SeeInvis +   y - +5 broad axe
rCold    . . .     Faith    .   C - +3 kite shield
rNeg     . . .     Spirit   .   A - +15 Maxwell's patent armour {-Cast -Tele rElec Will+ rCorr}
rPois    .         Reflect  .   (helmet unavailable)
rElec    +         Harm     .   (no cloak)
rCorr    +         Rampage  .   (no gloves)
Will     +....     NoCast   +   (no boots)
Stlth    ..........             (no amulet)
HPRegen  0.13/turn              u - +6 ring of strength
MPRegen  0.10/turn              q - +6 ring of dexterity

@: mighty
A: permanent stasis, dig shafts and tunnels, antennae 3, four strong arms
a: Dig, Renounce Religion


You were in the Dungeon.
You worshipped Qazlal.
Qazlal was noncommittal.
You visited 1 branch

Inventory:

Hand Weapons
 a - the +9 heavy crossbow "Sniper" {vorpal, Acc+∞ SInv}
   (You found it in the Dungeon)

   Any bolt fired from it inflicts extra damage.
   It lets you see invisible.
 x - a +5 battleaxe
 y - a +5 broad axe (weapon)
 z - a +5 executioner's axe
Armour
 b - a +5 crystal plate armour
 c - +5 gold dragon scales
 A - the +15 Maxwell's patent armour (worn) {-Cast -Tele rElec Will+ rCorr}
   (You found it in the Dungeon)

   It insulates you from electricity.
   It prevents spellcasting.
   It prevents most forms of teleportation.
   It protects you from acid and corrosion.
   It increases your willpower.
 B - the +18 shield of the Gong {rElec rN+ Will+ EV-5}
   (You found it in the Dungeon)

   It affects your evasion (-5).
   It insulates you from electricity.
   It protects you from negative energy.
   It increases your willpower.
 C - a +3 kite shield (worn)
 D - a +3 tower shield
 E - a +5 plate armour
Jewellery
 q - a +6 ring of dexterity (right hand)
 r - a +6 ring of dexterity
 u - a +6 ring of strength (left hand)
 v - a +6 ring of strength
Wands
 s - a wand of mindburst (7)
 t - a wand of iceblast (7)
 w - a wand of acid (7)
Scrolls
 l - 4 scrolls of amnesia
 m - 7 scrolls of fog
 n - a scroll of holy word
 o - 5 scrolls of identify
 p - 2 scrolls of fear
Potions
 d - 5 potions of might
 e - 10 potions of curing
 f - 9 potions of heal wounds
 g - 7 potions of magic
 h - 2 potions of brilliance
 i - 2 potions of invisibility
 j - 4 potions of resistance
Miscellaneous
 k - a lightning rod (4/4)


   Skills:
 + Level 5.3 Fighting
 + Level 4.3 Axes
 + Level 5.4 Armour
 + Level 3.4 Dodging
 + Level 6.0 Shields
 + Level 3.2 Invocations


You had 3 spell levels left.
You didn't know any spells.
Your spell library was empty.

Dungeon Overview and Level Annotations

Branches:
Dungeon (1/1)

Altars:
Ashenzari
Cheibriados
Dithmenos
Elyvilon
Fedhas
Gozag
Hepliaklqana
Kikubaaqudgha
Makhleb
Nemelex Xobeh
Okawaru
Qazlal
Ru
Sif Muna
Trog
Uskayaw
Vehumet
Wu Jian
Xom
Yredelemnul
Zin
The Shining One
Beogh
Jiyva
Lugonu

Annotations:
D 1 transporter


Innate Abilities, Weirdness & Mutations

You cannot be hasted, slowed, berserked, paralysed or teleported.
You can dig through walls and to a lower floor.
You have a pair of large antennae on your head. (SInv)
Your four strong arms can wield two-handed weapons with a shield.


Message History

The red ugly thing barely misses you.
You hit the red ugly thing.
The red ugly thing is moderately wounded.
You completely miss the scorpion. You block the scorpion's attack.
The red ugly thing closely misses you.
The scorpion stings you but does no damage.
The red ugly thing pecks you.
You are engulfed in flames!!
Ouch! That really hurt!
* * * LOW HITPOINT WARNING * * *
You feel much better.
The scorpion stings you but does no damage.
The red ugly thing pecks you but does no damage.
Unknown command.
You slice the red ugly thing!!
The red ugly thing is heavily wounded.
You slash the scorpion!
You kill the scorpion!
Qazlal accepts your kill.
The red ugly thing pecks you but does no damage.
Your Fighting skill increases to level 5!
Your Axes skill increases to level 4!
Your Armour skill increases to level 5!
Your Dodging skill increases to level 3!
Your Shields skill increases to level 6!
You have reached level 3!
Your experience leads to an increase in your attributes!
Your base attributes are Str 20, Int 7, Dex 10.
Increase (S)trength, (I)ntelligence, or (D)exterity?
You feel stronger.
You have reached level 4!
You feel clever.
Unknown command.
You barely miss the red ugly thing.
The red ugly thing is heavily wounded.
The red ugly thing pecks you.
You are engulfed in flames!!
You block the red ugly thing's attack.
You barely miss the red ugly thing.
The red ugly thing is heavily wounded.
The red ugly thing pecks you.
You are engulfed in flames!!
Ouch! That really hurt!
You die...

▓▓▓▓▓▓▓
▓.8©8.▓
{{
▓.....▓
▓.[.=.▓
▓.....▓
▓..u..▓
▓..@..▓
▓▓▓▓▓▓▓
{{{ { {


You could see a red ugly thing.

Vanquished Creatures
  A scorpion (shapeshifter) (D)
1 creature vanquished.

Notes
Turn   | Place    | Note
-------+----------+-------------------------------------------
     0 | D        | rocky1 the Formicid Fighter began the quest for the Orb.
     0 | D        | Reached XP level 1. HP: 18/18 MP: 1/1
     0 | D        | Found a shimmering blue altar of Sif Muna.
     0 | D        | Found a bloodstained altar of Trog.
     0 | D        | Found a sacrificial altar of Ru.
     0 | D        | Found a stormy altar of Qazlal.
     0 | D        | Found an iron altar of Okawaru.
     1 | D        | Found a sparkling altar of Nemelex Xobeh.
     1 | D        | Found a blossoming altar of Fedhas.
     2 | D        | Found the +6 Majin-Bo {vamp, MP+6 Int+6}
     2 | D        | Found the +9 heavy crossbow "Sniper" {vorpal, Acc+∞ SInv}
     2 | D        | Found the +10 dark maul {vorpal}
     2 | D        | Found the +15 Maxwell's patent armour {-Cast -Tele rElec
                  | Will+ rCorr}
     2 | D        | Found the +18 shield of the Gong {rElec rN+ Will+ EV-5}
     2 | D        | Found the +14 obsidian axe {vorpal, Drain Fly SInv}
     2 | D        | Found the +7 great mace "Firestarter" {inner flame, rF++}
     2 | D        | Found the +6 shillelagh "Devastator" {shatter}
     2 | D        | Found the +11 plutonium sword {Contam Stlth-}
     2 | D        | Found the +8 lance "Wyrmbane" {slay drac, rPois rF+ rC+
                  | AC+3}
     2 | D        | Found the +9 sword of Zonguldrok {reap}
     2 | D        | Found the +13 scythe of Curses {drain, Drain}
     2 | D        | Found the +5 sword of Power {vorpal}
     2 | D        | Found the +7 mace of Variability {chain chaos}
     2 | D        | Found the +7 Singing Sword {vorpal, sonic wave}
     2 | D        | Found the +8 storm bow {elec, penet}
     3 | D        | Found a transporter.
     3 | D        | Found an ancient bone altar of Kikubaaqudgha.
     3 | D        | Found a viscous altar of Jiyva.
     3 | D        | Found a corrupted altar of Lugonu.
     3 | D        | Found a hazy altar of Hepliaklqana.
     3 | D        | Found a burning altar of Makhleb.
     3 | D        | Found an opulent altar of Gozag.
    18 | D        | Became a worshipper of Qazlal Stormbringer
    21 | D        | Reached skill level 5 in Shields
    21 | D        | Reached XP level 2. HP: 26/26 MP: 1/4
   275 | D        | Entered arena 2.
   275 | D        | Noticed a scorpion
   275 | D        | Noticed a red ugly thing
   275 | D        | Found a transporter.
   282 | D        | Killed a scorpion
   283 | D        | Reached skill level 5 in Fighting
   283 | D        | Reached skill level 5 in Armour
   283 | D        | Reached skill level 6 in Shields
   283 | D        | Reached XP level 3. HP: 33/33 MP: 5/5
   283 | D        | Reached XP level 4. HP: 39/39 MP: 6/6
   284 | D        | Mangled by a red ugly thing

Illustrated notes

Levels and vault maps discovered:
D:        sprint_v [room_start, room_1, room_2, room_3, room_4, room_5, room_6,
          room_7, room_8, room_9, room_10, room_11, room_12, room_13, room_14,
          room_15, room_16, room_17, room_18, room_19, room_20, room_21,
          room_22, room_23, room_24, room_25, room_26, room_27]

Skill      XL: |  1  2 |
---------------+-------+-----
Fighting       | 4 5 |  5.3
Axes           | 3 4 |  4.3
Armour         | 4 5 |  5.4
Dodging        | 2 3 |  3.4
Shields        | 5 6 |  6.0
Invocations    | 3 |  3.2

Action                   |  1- 3 |  4- 6 || total
-------------------------+-------+-------++-------
Melee: Broad axe         |     5 |     2 ||     7
  Use: Potion            |     3 |       ||     3
Armor: Plate armour      |     7 |       ||     7
Dodge: Dodged            |     2 |       ||     2
Block: Kite shield       |     5 |     1 ||     6

Table legend: (Time is in decaauts)
 A = Elapsed time spent in this place.
 B = Non-inter-level travel time spent in this place.
 C = Inter-level travel time spent in this place.
 D = Time resting spent in this place.
 E = Time spent auto-exploring this place.
 F = Levels seen in this place.
 G = Mean time per level.
                   A        B        C        D        E       F      G
               +--------+--------+--------+--------+--------+-----+--------+
         Total |    285 |    285 |      0 |    133 |      0 |   1 |  285.0 |
       Dungeon |    285 |    285 |      0 |    133 |      0 |   1 |  285.0 |
               +--------+--------+--------+--------+--------+-----+--------+

Top non-repeatable levels by time:
       D: 285 daAuts
